Map: Frozen Temple

Players

Aegwynn

  • Race: Zerg Zerg
  • League: Master

Drager - Winner!

  • Race: Protoss Protoss
  • League: Master

VOD

https://www.youtube.com/channel/UCcSgNfDNxvyisU-eCj9xyNg/playlists

Description

Time

  • Played on: Aug. 27, 2016, 7:14 a.m.
  • Length: 6:30
Show
View Real Time Build Order
Export as new Build Order

Aegwynn Zerg 

Build Orders: Hatch First 

Get SALT Encoding   

  12  0:01  Drone  
  13  0:13  Overlord  
  13  0:18  Drone  
  14  0:32  Drone x2  
  16  0:36  Drone  
  17  1:02  Hatchery  
  16  1:05  Drone  
  16  1:06  Drone  
  18  1:17  Spawning Pool  
  17  1:24  Drone x2  
  19  1:29  Extractor  
  18  1:34  Drone  
  19  1:41  Overlord  
  19  1:54  Drone  
  20  1:59  Hatchery  
  19  2:04  Zergling x2  
  20  2:11  Queen  
  22  2:24  Queen  
  22  2:27  Drone  
  22  2:29  Drone  
  26  2:33  Metabolic Boost  
  26  2:42  Drone  
  27  2:45  Drone x2  
  27  2:47  Drone  
  30  2:57  Zergling x6  
  32  3:06  Overlord  
  32  3:12  Baneling Nest  
  31  3:14  Zergling x4  
  31  3:19  Zergling x2  
  35  3:20  Zergling x2  
  35  3:24  Zergling x4  
  35  3:25  Zergling x2  
  38  3:33  Queen  
  38  3:41  Drone x2  
  38  3:45  Drone  
  41  3:48  Drone x2  
  41  3:49  Drone  
  41  3:52  Pneumatized Carapace  
  45  3:55  Drone  
  45  3:58  Drone  
  46  4:04  Drone x2  
  46  4:07  Drone  
  46  4:09  Evolution Chamber  
  48  4:11  Overlord  
  48  4:26  Drone x2  
  48  4:28  Overlord x2  
  48  4:29  Overlord  
  50  4:43  Drone x3  
  50  4:45  Zergling x8  
  55  4:46  Zergling x2, Extractor  
  55  4:48  Zergling x2  
  57  5:01  Zergling x2  
  57  5:02  Zergling x14  
  65  5:07  Baneling  
  65  5:08  Baneling x4  
  65  5:16  Zergling x10  
  65  5:17  Zergling x2  
  65  5:18  Baneling x2  
  65  5:36  Zergling x2  
  65  5:37  Zergling x16  
  62  5:50  Drone  
  60  6:01  Baneling x3  
  54  6:09  Spore Crawler  
Show
View Real Time Build Order
Export as new Build Order

Drager Protoss - Winner!

Build Orders: 1 Gate Expand 

Get SALT Encoding   

  12  0:01  Probe (Chrono Boost)  
  13  0:11  Probe (Chrono Boost)  
  14  0:17  Pylon  
  14  0:22  Probe (Chrono Boost)  
  16  0:35  Probe (Chrono Boost)  
  16  0:38  Gateway  
  16  0:46  Probe (Chrono Boost)  
  17  0:53  Assimilator  
  17  0:58  Probe (Chrono Boost)  
  18  1:10  Probe (Chrono Boost)  
  19  1:25  Nexus  
  19  1:27  Probe (Chrono Boost)  
  20  1:37  Cybernetics Core  
  20  1:40  Probe (Chrono Boost)  
  20  1:46  Assimilator  
  22  1:54  Probe (Chrono Boost)  
  22  1:57  Pylon  
  22  2:05  Probe (Chrono Boost)  
  25  2:16  Mothership Core (Chrono Boost)  
  25  2:18  Adept  
  27  2:27  Warp Gate  
  27  2:34  Probe (Chrono Boost)  
  27  2:36  Probe (Chrono Boost)  
  29  2:44  Probe (Chrono Boost)  
  29  2:45  Adept  
  29  2:47  Probe (Chrono Boost)  
  33  2:53  Pylon  
  33  2:55  Probe (Chrono Boost)  
  33  2:58  Probe (Chrono Boost)  
  35  3:05  Twilight Council  
  35  3:06  Probe (Chrono Boost)  
  35  3:08  Probe (Chrono Boost)  
  35  3:12  Sentry  
  39  3:16  Probe (Chrono Boost)  
  39  3:19  Probe (Chrono Boost)  
  41  3:27  Probe (Chrono Boost)  
  42  3:29  Probe (Chrono Boost), Resonating Glaives  
  43  3:38  Probe (Chrono Boost)  
  44  3:45  Gateway  
  44  3:46  Probe (Chrono Boost), Gateway  
  44  3:47  Gateway  
  43  3:50  Probe (Chrono Boost)  
  43  3:51  Adept  
  43  3:55  Pylon  
  46  3:57  Pylon  
  46  4:13  Probe (Chrono Boost)  
  46  4:15  Probe (Chrono Boost), Dark Shrine  
  48  4:19  Assimilator  
  48  4:21  Assimilator  
  48  4:24  Probe (Chrono Boost)  
  49  4:27  Probe (Chrono Boost)  
  49  4:29  Pylon  
  50  4:34  Probe (Chrono Boost), Adept  
  54  4:39  Probe (Chrono Boost)  
  54  4:43  Adept x2  
  54  4:44  Adept  
  54  4:45  Probe (Chrono Boost)  
  61  4:51  Probe (Chrono Boost)  
  62  5:00  Pylon  
  62  5:04  Adept  
  62  5:05  Adept x2  
  62  5:06  Adept  
  70  5:11  Nexus  
  70  5:19  Probe (Chrono Boost)  
  67  5:33  Dark Templar x4  
  73  5:37  Probe (Chrono Boost)  
  73  5:41  Probe (Chrono Boost)  
  71  5:49  Probe (Chrono Boost)  
  71  5:55  Probe (Chrono Boost)  
  65  6:05  Probe (Chrono Boost)  
  65  6:10  Sentry x2  
  69  6:15  Probe (Chrono Boost), Pylon  
  69  6:17  Pylon  
Tags
 
Add a new tag
Caveats
  • Supply blocks, unpowered buildings, or Contaminate may cause inaccurate times.
  • Supply counts are checked every 10 seconds.